 Dungeon Crawl Stone Soup version 0.23-a0-189-gc87c613 (webtiles) character file.

7850 Felrender the Carver (level 11, -4/184 HPs)
             Began as a Demonspawn Fighter on Sept 24, 2018.
             Was a Believer of Trog.
             Slain by a frost giant
             ... wielding a +1 battleaxe of freezing
              (7 damage)
             ... on level 9 of the Dungeon.
             The game lasted 00:20:53 (8915 turns).

Felrender the Carver (Demonspawn Fighter)           Turns: 8915, Time: 00:20:54

Health: -4/184     AC: 25    Str: 24    XL:     11   Next: 2%
Magic:  0/11       EV:  2    Int: 10    God:    Trog [**....]
Gold:   245        SH: 12    Dex: 18    Spells: 10/10 levels left

rFire    . . .     SeeInvis .   a - +1 long sword
rCold    . . .     Gourm    .   c - +0 shield
rNeg     + + +     Faith    .   (armour currently unavailable)
rPois    +         Spirit   +   (helmet currently unavailable)
rElec    .         Reflect  .   (cloak currently unavailable)
rCorr    .         Harm     .   (gloves currently unavailable)
MR       ++...     NoTele   +   (boots currently unavailable)
Stlth    ..........             r - amulet of guardian spirit
HPRegen  1.40/turn              J - ring of positive energy
MPRegen  0.12/turn              (no ring)

@: agile, berserking (expiring), tree-form, regenerating, very quick
A: powered by pain 2
a: Berserk, Trog's Hand, Renounce Religion


You were on level 9 of the Dungeon.
You worshipped Trog.
Trog was pleased with you.
You were very hungry.
You were a tree.
You visited 2 branches of the dungeon, and saw 10 of its levels.
You also visited: Ossuary.

You collected 596 gold pieces.
You spent 351 gold pieces at shops.

Inventory:

Hand Weapons
 a - a +1 long sword (weapon)
 i - a +2 short sword of freezing
 m - a +2 short sword of draining
 H - a +2 vampiric battleaxe
Missiles
 e - 261 arrows
 h - 75 bolts
Armour
 c - a +0 shield (worn)
 g - a +2 cloak (melded)
 j - a +1 hat (melded)
 l - a +0 chain mail (melded)
 w - a +1 pair of gloves (melded)
 B - a +0 pair of boots (melded)
Jewellery
 k - an uncursed amulet of magic regeneration
 r - an amulet of guardian spirit (around neck)
 s - an uncursed ring of fire
 D - an uncursed ring of fire
 I - an uncursed ring of magical power
 J - a ring of positive energy (left branch)
Wands
 o - a wand of disintegration (17)
 y - a wand of flame (105)
Scrolls
 b - 3 scrolls of fog
 q - 5 scrolls of remove curse
 v - 3 scrolls of blinking
 z - 6 scrolls of teleportation
Potions
 d - 5 potions of flight
 n - 2 potions of cancellation
 p - 4 potions of curing
 x - a potion of lignification
 A - 2 potions of agility
 C - 2 potions of magic
 E - 2 potions of mutation {unknown}
 F - a potion of brilliance {unknown}
 G - a potion of ambrosia
Comestibles
 f - 19 rations
 t - 5 chunks of flesh


   Skills:
 + Level 6.3 Fighting
 * Level 9.5 Long Blades
 * Level 6.6 Armour
 + Level 3.0 Dodging
 + Level 1.1 Stealth
 * Level 7.1 Shields
 - Level 6.0 Unarmed Combat


You had 10 spell levels left.
You didn't know any spells.
Your spell library was empty.

Dungeon Overview and Level Annotations

Branches:
Dungeon (9/15)             Temple (1/1) D:4            Lair (0/6) D:8
    Orc: D:9-12

Altars:
Ashenzari
Cheibriados
Dithmenos
Elyvilon
Fedhas
Gozag
Hepliaklqana
Kikubaaqudgha
Makhleb
Nemelex Xobeh
Okawaru
Qazlal
Ru
Sif Muna
Trog
Uskayaw
Vehumet
Wu Jian
Xom
Yredelemnul
Zin
The Shining One

Shops:
D:6 ?!*


Innate Abilities, Weirdness & Mutations

((You are completely covered in iridescent scales. (AC +6)))
You sometimes gain power by taking damage.
((You are mostly covered in sharp spines.))


Message History

You have reached level 11!
You feel a bit more experienced.
The frost giant points at you and mumbles some strange words.
The bolt of cold hits you!
* * * LOW HITPOINT WARNING * * *
You slash the frost giant!
The frost giant is moderately wounded.
You hit the frost giant.
The frost giant is moderately wounded.
The frost giant hits you but does no damage.
You slash the frost giant!
The frost giant is heavily wounded.
You completely miss the frost giant.
The frost giant is heavily wounded.
The frost giant hits you with a battleaxe of freezing!!
* * * LOW HITPOINT WARNING * * *
You focus on the pain.
You feel more agile all of a sudden. The frost giant freezes you!
You die...

.....#...[.....#
#...#.####
.....########÷####
#...#.# .....#
#.).#.# ###.#.#
.....# ##..'.##
.....# ##.#..#
.....# ###..# ###.
###### #..## #
.... #...# ...##.
#♣..# ..##.
#..GC...# .....
#...#...# ...##.
######### ......
...... ..###


You could see a frost giant and a shining eye.

Vanquished Creatures
  Harold (D:7)
  A death knight (D:9)
  A two-headed ogre (D:9)
  An unseen horror (D:9)
  Pikel (D:6)
  A cyclops (D:8)
  A hornet (D:9)
  2 hippogriffs
  A slime creature (D:9)
  Sigmund (D:3)
  Eustachio (D:4)
  A yak (D:9)
  A basilisk (D:9)
  A water moccasin (D:8)
  An ice beast (D:7)
  A sky beast (D:8)
  2 slaves (D:6)
  2 black bears
  The ghost of shadowEZX the Chopper, an amateur HOCK of Xom (D:3)
  2 necrophages
  An orc warrior (D:9)
  4 centaurs
  3 ogres
  A phantom (D:6)
  An elf zombie (Ossuary)
  3 bullfrogs
  A big kobold (D:9)
  3 scorpions
  2 howler monkeys
  3 crimson imps
  A bullfrog zombie (D:9)
  3 human zombies (Ossuary)
  A centaur zombie (D:9)
  2 hounds
  3 jellies
  A bullfrog skeleton (D:4)
  2 iguanas
  2 orc wizards
  8 worker ants
  A hound zombie (Ossuary)
  4 mummies (Ossuary)
  2 worker ant zombies (D:9)
  Robin (D:2)
  11 adders
  9 gnolls
  A howler monkey skeleton (D:3)
  2 shadow imps (D:9)
  A worm zombie (D:4)
  An ooze (D:1)
  An adder skeleton (D:8)
  4 worms
  A dart slug (D:5)
  4 leopard geckos
  22 orcs
  2 ball pythons
  2 bats (D:2)
  6 giant cockroaches
  2 gnoll zombies (Ossuary)
  16 goblins
  10 hobgoblins
  10 jackals
  8 kobolds
  A quokka (D:6)
  A frilled lizard (D:1)
  A goblin zombie (Ossuary)
  A hobgoblin zombie (Ossuary)
  2 jackal zombies (Ossuary)
  A kobold zombie (Ossuary)
  A leopard gecko skeleton (D:5)
  3 quokka skeletons
  10 rats
211 creatures vanquished.

Vanquished Creatures (others)
  A jelly (D:6)
  3 gnolls (D:6)
  6 jackals (D:6)
  A quokka (D:6)
11 creatures vanquished.

Grand Total: 222 creatures vanquished

Notes
Turn   | Place    | Note
-------+----------+-------------------------------------------
     0 | D:1      | Felrender the Demonspawn Fighter began the quest for the
                  | Orb.
     0 | D:1      | Reached XP level 1. HP: 18/18 MP: 1/1
   162 | D:1      | Gained mutation: You are partially covered in iridescent
                  | scales. (AC +2) [demonic ancestry]
   162 | D:1      | Reached XP level 2. HP: 17/24 MP: 2/2
   207 | D:1      | Reached skill level 2 in Long Blades
   465 | D:1      | Gained mutation: You are partially covered in sharp spines.
                  | [demonic ancestry]
   465 | D:1      | Reached XP level 3. HP: 23/29 MP: 3/3
  1036 | D:2      | Noticed Robin
  1042 | D:2      | Reached XP level 4. HP: 32/35 MP: 4/4
  1069 | D:2      | Killed Robin
  1308 | D:2      | Reached skill level 1 in Unarmed Combat
  2033 | D:3      | Gained mutation: You are mostly covered in iridescent
                  | scales. (AC +4) [demonic ancestry]
  2033 | D:3      | Reached XP level 5. HP: 40/41 MP: 5/5
  2098 | D:3      | Noticed Sigmund
  2118 | D:3      | Killed Sigmund
  2118 | D:3      | Reached skill level 3 in Long Blades
  2118 | D:3      | Gained mutation: You sometimes gain a little power by
                  | taking damage. [demonic ancestry]
  2118 | D:3      | Reached XP level 6. HP: 33/47 MP: 6/6
  2280 | D:3      | Found a glowing golden altar of the Shining One.
  2467 | D:3      | Found a runed door.
  2469 | D:3      | Noticed shadowEZX's ghost (amateur HOCK)
  2672 | D:3      | Killed shadowEZX's ghost
  2672 | D:3      | Reached skill level 1 in Dodging
  2794 | D:4      | Found a staircase to the Ecumenical Temple.
  2818 | D:4      | Reached skill level 4 in Long Blades
  2838 | Temple   | Entered the Ecumenical Temple
  3023 | Temple   | Became a worshipper of Trog the Wrathful
  3089 | D:4      | Gained mutation: You are completely covered in iridescent
                  | scales. (AC +6) [demonic ancestry]
  3089 | D:4      | Reached XP level 7. HP: 40/52 MP: 5/7
  3152 | D:4      | Found an iron altar of Okawaru.
  3247 | D:4      | Found a sand-covered staircase.
  3256 | Ossuary  | Entered an ossuary
  3622 | D:4      | Noticed Eustachio
  3653 | D:4      | Killed Eustachio
  3882 | D:4      | Found an opulent altar of Gozag.
  3885 | D:4      | Found an ancient bone altar of Kikubaaqudgha.
  3891 | D:4      | Found a deep blue altar of Sif Muna.
  4068 | D:5      | Entered Level 5 of the Dungeon
  4084 | D:5      | Reached skill level 5 in Long Blades
  4084 | D:5      | Gained mutation: You are mostly covered in sharp spines.
                  | [demonic ancestry]
  4084 | D:5      | Reached XP level 8. HP: 39/60 MP: 6/8
  4348 | D:5      | Reached * piety under Trog
  4533 | D:5      | Reached skill level 5 in Shields
  4909 | D:6      | Found Wunoakie's Magic Scroll Shop.
  4912 | D:6      | Bought a scroll of identify for 28 gold pieces
  4912 | D:6      | Bought a scroll of identify for 28 gold pieces
  4912 | D:6      | Bought a scroll of enchant armour for 105 gold pieces
  4912 | D:6      | Bought a scroll of enchant armour for 105 gold pieces
  4976 | D:6      | Found Uculeoh's Distillery.
  5156 | D:6      | Noticed Pikel
  5177 | D:6      | Killed Pikel
  5177 | D:6      | Reached skill level 6 in Long Blades
  5177 | D:6      | Reached skill level 1 in Stealth
  5198 | D:6      | Found a shadowy altar of Dithmenos.
  5225 | D:6      | Reached skill level 5 in Fighting
  5225 | D:6      | Gained mutation: You sometimes gain power by taking damage.
                  | [demonic ancestry]
  5225 | D:6      | Reached XP level 9. HP: 61/68 MP: 9/9
  5286 | D:6      | Found a radiant altar of Vehumet.
  5590 | D:6      | Found Noesu's Assorted Antiques.
  5596 | D:6      | Bought a wand of flame (11) for 22 gold pieces
  5596 | D:6      | Bought a scroll labeled ZEUREA IMARGH for 22 gold pieces
  5596 | D:6      | Bought a scroll labeled POASSEEGAA for 22 gold pieces
  5596 | D:6      | Bought a sedimented pink potion for 19 gold pieces
  6316 | D:7      | Noticed Harold
  6345 | D:7      | Killed Harold
  6345 | D:7      | Reached skill level 7 in Long Blades
  6345 | D:7      | Reached skill level 5 in Armour
  6345 | D:7      | Reached skill level 5 in Unarmed Combat
  7288 | D:8      | Found a staircase to the Lair.
  7350 | D:8      | Reached ** piety under Trog
  7823 | D:8      | Reached XP level 10. HP: 68/74 MP: 10/10
  7910 | D:8      | Noticed a cyclops
  7933 | D:8      | Killed a cyclops
  8122 | D:9      | Reached skill level 8 in Long Blades
  8231 | D:9      | Noticed a two-headed ogre
  8252 | D:9      | Killed a two-headed ogre
  8623 | D:9      | Noticed a death knight
  8652 | D:9      | Reached skill level 9 in Long Blades
  8666 | D:9      | Killed a death knight
  8896 | D:9      | Noticed a frost giant
  8897 | D:9      | Noticed a great orb of eyes
  8906 | D:9      | Noticed a shining eye
  8911 | D:9      | Killed an unseen horror
  8911 | D:9      | Reached XP level 11. HP: 26/82 MP: 9/11
  8915 | D:9      | HP: 3/184 [frost giant/battleaxe of freezing (24)]
  8915 | D:9      | Slain by a frost giant

Vault maps used:
D:1:      onia_arrival_larder
D:2:      minmay_misc_feat_plants, minmay_misc_feat_tower, chequers_big_river,
          uniq_robin
D:3:      old_standard_altar, gammafunk_ghost_grave, uniq_sigmund
D:4:      old_standard_altar, grunt_temple_overflow_open,
          minmay_temple_entry_trees, first_ration, enter_ossuary_3,
          uniq_eustachio
D:6:      nicolae_dithmenos_shadow_blocks, serial_shops, shop,
          nicolae_shop_behind_doors, shop, vehumet_altar_wand_db, uniq_pikel
D:7:      grunt_ogre_cave, uniq_harold
D:8:      kennysheep_big_flooded_room, lair_entry_dummy
D:9:      minmay_sliced_demisemicircle
Temple:   regret_index_temple_sphere_string
Ossuary:  ossuary_minmay_tomb_2a

Skill      XL: |  1  2  3  4  5  6  7  8  9 10 |
---------------+-------------------------------+-----
Armour         | 3 4 5 6 |  6.6
Long Blades    | 2 3 4 5 6 7 9 |  9.5
Shields        | 3 4 5 6 7 |  7.1
Unarmed Combat | 1 2 3 4 5 6 |  6.0
Dodging        | 1 2 3 |  3.0
Fighting       | 4 5 6 |  6.3
Stealth        | 1 |  1.1

Action                   |  1- 3 |  4- 6 |  7- 9 | 10-12 || total
-------------------------+-------+-------+-------+-------++-------
Melee: Long sword        |    84 |   144 |   351 |   195 ||   774
Invok: Berserk           |       |       |       |     2 ||     2
       Trog's Hand       |       |       |       |     1 ||     1
  Use: Scroll            |     4 |     6 |    19 |       ||    29
       Potion            |       |     3 |       |     7 ||    10
  Eat: Chunk             |     1 |     3 |     3 |     4 ||    11
       Ration            |       |     1 |     4 |       ||     5
Armor: Scale mail        |    24 |    22 |       |       ||    46
       Skin              |       |    21 |       |    11 ||    32
       Chain mail        |       |    36 |   239 |   104 ||   379
Dodge: Dodged            |    20 |    33 |   103 |    57 ||   213
Block: Shield            |    53 |    84 |   204 |    78 ||   419
       Rpst.: Long sword |     7 |     7 |    28 |    19 ||    61

Table legend:
 A = Non-vault XP
 B = Vault XP
 C = Vault XP percentage of total XP
 D = Non-vault monster count
 E = Vault monster count
 F = Vault count percentage of total count
                 A         B        C        D         E       F
            +---------+---------+-------+---------+---------+-------
      Total |    5492 |    5723 |  51.0 |     156 |      54 |  25.7
            +---------+---------+-------+---------+---------+-------
        D:1 |      39 |       9 |  18.8 |      13 |       7 |  35.0
        D:2 |     101 |      38 |  27.3 |      25 |      13 |  34.2
        D:3 |      99 |     354 |  78.1 |      17 |       2 |  10.5
        D:4 |     178 |     209 |  54.0 |      10 |       2 |  16.7
        D:5 |     279 |       0 |   0.0 |      13 |       0 |   0.0
        D:6 |     899 |     608 |  40.3 |      28 |       2 |   6.7
        D:7 |     626 |    1149 |  64.7 |       8 |       2 |  20.0
        D:8 |     765 |     561 |  42.3 |      15 |       2 |  11.8
        D:9 |    2506 |    2470 |  49.6 |      27 |       8 |  22.9
    Ossuary |       0 |     325 | 100.0 |       0 |      16 | 100.0
            +---------+---------+-------+---------+---------+-------
